 Dungeon Crawl Stone Soup version 0.28-a0-384-g9e0c098162 (webtiles) character file.

Game seed: 10215601453208931746

4208 mathmaestro the Grappler (level 10, -19/102 HPs)
             Began as a Troll Monk on Sept 2, 2021.
             Demolished by an orc knight (39 damage)
             ... in a bailey.
             The game lasted 00:13:16 (5681 turns).

mathmaestro the Grappler (Troll Monk)               Turns: 5681, Time: 00:13:17

Health: -19/102    AC:  7    Str: 24    XL:     10   Next: 8%
Magic:  9/9        EV: 10    Int:  6    God:
Gold:   171        SH: 14    Dex: 12    Spells: 9/9 levels left

rFire   . . .      SeeInvis .     - Unarmed
rCold   . . .      Faith    .   i - +0 kite shield {reflect}
rNeg    . . .      Spirit   .   a - +1 robe
rPois   +          Reflect  +   (helmet restricted)
rElec   .          Harm     .   n - +1 cloak
rCorr   .          Rampage  .   (gloves unavailable)
Will    .....                   (boots unavailable)
Stlth   ++........              j - amulet of reflection
HPRegen 1.27/turn               k - ring of flight
MPRegen 0.11/turn               H - ring of poison resistance

@: flying
A: large, unfitting armour, claws 3, regeneration 1, shaggy fur 1, tough skin 1
a: no special abilities


You were in a bailey.
You visited 2 branches of the dungeon, and saw 9 of its levels.
You also visited: Bailey.

You collected 386 gold pieces.
You spent 215 gold pieces at shops.

Inventory:

Hand Weapons
 p - a +3 dagger of venom
Missiles
 b - 323 stones (quivered)
 e - 5 large rocks
 h - 140 bolts
 r - 46 arrows
 t - 8 boomerangs
 y - 22 sling bullets
 z - 33 poisoned darts
 F - 7 atropa-tipped darts
Armour
 a - a +1 robe (worn)
 i - a +0 kite shield of reflection (worn)
 n - a +1 cloak (worn)
Jewellery
 f - a ring of resist corrosion
 j - an amulet of reflection (around neck)
 k - a ring of flight (left claw)
 x - an amulet of regeneration
 H - a ring of poison resistance (right claw)
Wands
 m - a wand of flame (7)
 s - a wand of acid (10)
 w - a wand of paralysis (6)
 A - a wand of iceblast (5)
 D - a wand of mindburst (14)
Scrolls
 c - 3 scrolls of fear
 q - 3 scrolls of identify
 v - a scroll of enchant armour
Potions
 d - a potion of magic
 g - a potion of flight
 l - a potion of heal wounds
 o - a potion of brilliance
 u - a potion of lignification
 B - 3 potions of might
 C - 2 potions of curing
 G - a potion of haste


   Skills:
 + Level 7.2 Fighting
 - Level 5.0 Dodging
 - Level 1.0 Stealth
 + Level 6.3 Shields
 + Level 8.6 Unarmed Combat


You had 9 spell levels left.
You didn't know any spells.
Your spell library contained the following spells:

 Spells                   Type           Power      Damage    Failure   Level
 Static Discharge         Conj/Air       0%         N/A       78%         2
 Frozen Ramparts          Ice            0%         1d2       95%         3
 Animate Armour           Summ/Erth      0%         N/A       100%        4
 Dispel Undead            Necr           0%         3d6       100%        4
 Ice Form                 Ice/Tmut       0%         N/A       100%        4
 Sticky Flame             Conj/Fire      0%         2d3       100%        4
 Summon Ice Beast         Ice/Summ       0%         N/A       100%        4
 Blade Hands              Tmut           0%         N/A       100%        5
 Iron Shot                Conj/Erth      0%         9d1       100%        6


Dungeon Overview and Level Annotations

Branches:
Dungeon (8/15)             Temple (1/1) D:4          Bailey (1/1)
   Lair: D:8-11

Altars:
Ashenzari
Cheibriados
Dithmenos
Elyvilon
Fedhas
Gozag
Hepliaklqana
Kikubaaqudgha
Makhleb
Nemelex Xobeh
Okawaru
Qazlal
Ru
Sif Muna
Trog
Uskayaw
Vehumet
Xom
Yredelemnul
Zin
The Shining One

Shops:
D:2 *:!?

Annotations:
D:3 1 runed translucent door
D:6 1 runed translucent door, robertstho's ghost, novice MiBe


Innate Abilities, Weirdness & Mutations

You are too large for most types of armour.
You have claws for hands.
Your natural rate of healing is unusually fast.
You are covered in fur. (AC +1)
You have tough skin. (AC +1)


Message History

The bolt hits the orc warrior!!
The orc knight roars a battlecry!
The orc knight goes into a battle-frenzy!
The orc warrior shoots a bolt.
The bolt hits you!!
The orc warrior shoots a bolt.
The bolt hits you!!
The orc warrior shoots a bolt.
You reflect the bolt off your +0 kite shield of reflection!
The bolt hits the orc warrior!
You kill the orc warrior!
There are no items here.
There are monsters nearby!
There is a gate leading back out of this place here.
You start resting.
HP restored.
You remove your ring of resist corrosion.
You fly up into the air.
k - a ring of flight (left claw)
The orc knight roars a battlecry!
The orc goes into a battle-frenzy!
You block the orc knight's attack.
The orc knight hits you from afar with a +0 halberd.
You block the orc knight's attack. You block the orc warrior's attack.
You barely miss the orc knight. You block the orc knight's attack.
The orc knight roars a battlecry!
The orcs go into a battle-frenzy!
You block the orc warrior's attack.
You closely miss the orc knight.
The orc knight roars a battlecry!
The orc knight goes into a battle-frenzy!
You block the orc knight's attack.
The orc warrior hits you from afar with a +0 halberd.
You barely miss the orc knight.
The orc knight hits you from afar with a +0 halberd!!
You block the orc knight's attack. The orc warrior closely misses you.
You closely miss the orc knight.
The orc knight hits you from afar with a +0 halberd!!
The orc knight hits you with a +0 glaive!!
* * * LOW HITPOINT WARNING * * *
The orc knight hits you from afar with a +0 glaive!!!
You die...

### #########∩##
######
##.....##...##.....#
#..≈≈≈..#...#..≈≈≈..
#.≈≈o≈≈@......≈≈o≈≈.
+.≈.oo≈.......≈oo.≈.
#.≈≈.≈≈.....).≈≈)≈≈.
#..≈≈≈..#)..#..≈≈≈..
##.....##.∩.##.....#
#########∩## ######
###


You could see 2 orc knights and an orc warrior (strong).

Vanquished Creatures
  A two-headed ogre (D:7)
  Psyche (D:8)
  Prince Ribbit (D:5)
  Grinder (D:4)
  Menkaure (D:7)
  Duvessa (D:4)
  5 orc warriors
  A sky beast (D:7)
  A black bear (D:5)
  A hornet zombie (D:7)
  4 ogres
  2 necrophages
  A centaur (D:5)
  Blork the orc (D:4)
  2 bullfrogs (D:7)
  2 water moccasin zombies
  Dowan (D:4)
  A bullfrog zombie (D:5)
  A centaur zombie (D:5)
  A jelly (D:5)
  3 hounds
  An orc priest (D:5)
  Crazy Yiuf (D:3)
  A centaur skeleton (D:6)
  A bullfrog skeleton (D:4)
  Ijyb (D:3)
  Natasha (thrice) (D:2)
  Terence (D:2)
  A scorpion zombie (D:5)
  3 iguanas (D:5)
  5 orc wizards
  2 hound skeletons (D:5)
  A howler monkey zombie (D:5)
  Robin (D:3)
  A howler monkey skeleton (D:7)
  11 adders
  4 gnolls (D:2)
  A shadow imp (D:6)
  An ufetubus (D:5)
  2 worms
  3 dart slugs
  21 orcs
  8 ball pythons
  8 endoplasms
  2 giant cockroaches
  18 goblins
  7 hobgoblins
  4 jackals (D:3)
  7 quokkas
  10 bats
  7 frilled lizards
  2 jackal skeletons (D:3)
  7 kobolds
  3 rats
182 creatures vanquished.

Vanquished Creatures (others)
  8 plants (D:4)
8 creatures vanquished.

Grand Total: 190 creatures vanquished

Notes
Turn   | Place    | Note
-------+----------+-------------------------------------------
     0 | D:1      | mathmaestro the Troll Monk began the quest for the Orb.
     0 | D:1      | Reached XP level 1. HP: 22/22 MP: 0/0
    81 | D:1      | Reached XP level 2. HP: 23/29 MP: 1/1
   420 | D:1      | Found a faded altar of an unknown god.
   470 | D:1      | Reached XP level 3. HP: 36/36 MP: 2/2
   742 | D:2      | Identified a scroll of acquirement
   742 | D:2      | Acquired a +0 kite shield of reflection
   778 | D:2      | Reached XP level 4. HP: 25/45 MP: 3/3
   816 | D:2      | Noticed Natasha
   825 | D:2      | Killed Natasha
   826 | D:2      | Reached skill level 1 in Shields
   856 | D:2      | Noticed Natasha
   860 | D:2      | Killed Natasha
   974 | D:2      | Found Qalora's General Store.
   983 | D:2      | Bought a scroll of noise for 11 gold pieces
   983 | D:2      | Bought a scroll of identify for 22 gold pieces
  1071 | D:2      | Reached XP level 5. HP: 51/53 MP: 4/4
  1098 | D:2      | Reached skill level 4 in Unarmed Combat
  1145 | D:2      | Found Kaleshrif's Distillery.
  1151 | D:2      | Bought a potion of curing for 42 gold pieces
  1172 | D:2      | Noticed Terence
  1178 | D:2      | Killed Terence
  1227 | D:2      | Found Peastam's Magic Scroll Shoppe.
  1278 | D:2      | Found Piapis's Book Shop.
  1416 | D:2      | Noticed Natasha
  1425 | D:2      | Killed Natasha
  1509 | D:3      | Noticed Robin
  1546 | D:3      | Killed Robin
  1573 | D:3      | Found an ancient bone altar of Kikubaaqudgha.
  1585 | D:3      | Found a shimmering blue altar of Sif Muna.
  1588 | D:3      | Reached XP level 6. HP: 61/61 MP: 5/5
  1598 | D:3      | Found a radiant altar of Vehumet.
  1849 | D:3      | Noticed a human
  1942 | D:3      | Found a runed translucent door.
  2017 | D:3      | Noticed Ijyb
  2026 | D:3      | Killed Ijyb
  2122 | D:3      | Found a basalt altar of Yredelemnul.
  2150 | D:3      | Found a runed translucent door.
  2151 | D:3      | Noticed Crazy Yiuf
  2160 | D:3      | Killed Crazy Yiuf
  2262 | D:4      | Found a staircase to the Ecumenical Temple.
  2272 | D:4      | Noticed Grinder
  2277 | D:4      | Paralysed by Grinder for 6 turns
  2286 | D:4      | Paralysed by Grinder for 3 turns
  2292 | D:4      | Killed Grinder
  2293 | D:4      | Reached skill level 5 in Unarmed Combat
  2293 | D:4      | Reached XP level 7. HP: 17/70 MP: 6/6
  2306 | Temple   | Entered the Ecumenical Temple
  2452 | D:4      | Noticed Blork the orc
  2463 | D:4      | Killed Blork the orc
  2857 | D:4      | Noticed Duvessa
  2857 | D:4      | Noticed Dowan
  2866 | D:4      | Killed Duvessa
  2867 | D:4      | Reached XP level 8. HP: 68/79 MP: 7/7
  2871 | D:4      | Killed Dowan
  3169 | D:5      | Entered Level 5 of the Dungeon
  3256 | D:5      | Found a sparkling altar of Nemelex Xobeh.
  3347 | D:5      | Found a burning altar of Makhleb.
  3382 | D:5      | Reached skill level 5 in Fighting
  3382 | D:5      | Reached skill level 6 in Unarmed Combat
  3388 | D:5      | Found a blossoming altar of Fedhas.
  3388 | D:5      | Found a white marble altar of Elyvilon.
  3411 | D:5      | Reached skill level 5 in Dodging
  3719 | D:5      | Noticed Prince Ribbit
  3730 | D:5      | Killed Prince Ribbit
  3751 | D:5      | Reached XP level 9. HP: 86/89 MP: 8/8
  3770 | D:5      | Reached skill level 7 in Unarmed Combat
  3961 | D:5      | Found a glowing silver altar of Zin.
  3961 | D:5      | Noticed an angel
  4068 | D:2      | Bought a potion of attraction for 42 gold pieces
  4068 | D:2      | Bought a potion of might for 56 gold pieces
  4068 | D:2      | Bought a potion of curing for 42 gold pieces
  4579 | D:6      | Found a runed translucent door.
  4579 | D:6      | Noticed robertstho's ghost (novice MiBe)
  4650 | D:6      | Reached skill level 5 in Shields
  4831 | D:7      | Found a sacrificial altar of Ru.
  4891 | D:7      | Found an opulent altar of Gozag.
  5091 | D:7      | Noticed Menkaure
  5103 | D:7      | Killed Menkaure
  5280 | D:7      | Noticed a two-headed ogre
  5287 | D:7      | Killed a two-headed ogre
  5288 | D:7      | Reached skill level 8 in Unarmed Combat
  5487 | D:8      | Noticed Psyche
  5492 | D:8      | Killed Psyche
  5535 | D:8      | Found a flagged portal.
  5548 | Bailey   | Entered a bailey
  5548 | Bailey   | Noticed an orc knight
  5548 | Bailey   | Noticed an orc knight
  5561 | Bailey   | Reached XP level 10. HP: 73/102 MP: 9/9
  5584 | Bailey   | Noticed an orc knight
  5681 | Bailey   | Demolished by an orc knight

Illustrated notes

Levels and vault maps discovered:
D:1:      amcnicky_arrival_flooded_fountain, layout_loops_ring,
          shapermc_ecumenical_altar_acropolis, minmay_splitting_lines,
          minmay_tiny_reverse_x
D:2:      layout_loops_ring, serial_shops, shop, nicolae_shop_waterfront,
          shop_fountains, shop, uniq_terence, uniq_natasha
D:3:      layout_basic, palyth_temple_overflow_mages, dk_yredelemnul_ordeal,
          minmay_misc_feat_square, minmay_misc_feat_doors, uniq_robin,
          uniq_crazy_yiuf_cottage, uniq_ijyb
D:4:      layout_gridville, minmay_temple_entry_drinking_statues, serial_bayou,
          serial_bayou_pond_d, serial_bayou_ford_a, serial_bayou_shore_b,
          serial_bayou_lagoon_b, uniq_grinder, uniq_duvessa, uniq_blork_the_orc
D:5:      minmay_recursive_quarters, layout_rooms, zin_angel,
          kennysheep_little_box, mainiacjoe_overflow_large_starburst,
          mainiacjoe_overflow_six_doors_small, uniq_prince_ribbit1
D:6:      layout_loops_cross, ebering_ghost_inner_flame
D:7:      layout_basic, nicolae_ru_great_annihilating_truth,
          mainiacjoe_overflow_boulevard, uniq_menkaure
D:8:      layout_basic, enter_bailey_2, gammafunk_ghost_cemetery,
          feat_on_display, uniq_psyche
Temple:   cyrus_temple_forest
Bailey:   bailey_polearm_4, bailey

Skill      XL: |  1  2  3  4  5  6  7  8  9 |
---------------+----------------------------+-----
Fighting       | 3 4 5 7 |  7.2
Dodging        | 3 4 5 |  5.0
Shields        | 1 2 3 4 6 |  6.3
Unarmed Combat | 4 5 6 8 |  8.6
Stealth        | |  1.0

Action                   |  1- 3 |  4- 6 |  7- 9 | 10-12 || total
-------------------------+-------+-------+-------+-------++-------
Melee: Unarmed           |    83 |   176 |   279 |     6 ||   544
       Punch             |     1 |       |       |       ||     1
Throw: Dart              |       |       |     7 |     1 ||     8
       Large rock        |       |       |     1 |       ||     1
Evoke: Wand              |       |       |     1 |       ||     1
  Use: Scroll            |     3 |     7 |     6 |       ||    16
       Potion            |       |     2 |       |       ||     2
 Stab: Sleeping          |       |     5 |     3 |       ||     8
       Distracted        |       |       |     1 |       ||     1
       Invisible         |       |       |     1 |       ||     1
       Paralysed         |       |       |     1 |       ||     1
Armor: Robe              |    41 |    52 |    54 |       ||   147
Dodge: Dodged            |    30 |    48 |    64 |     2 ||   144
Block: Other             |     3 |       |       |       ||     3
       Kite shield       |     9 |   106 |   192 |    18 ||   325
       Reflection        |       |     2 |    12 |     9 ||    23

Table legend: (Time is in decaauts)
 A = Elapsed time spent in this place.
 B = Non-inter-level travel time spent in this place.
 C = Inter-level travel time spent in this place.
 D = Time resting spent in this place.
 E = Time spent auto-exploring this place.
 F = Levels seen in this place.
 G = Mean time per level.
                   A        B        C        D        E       F      G
               +--------+--------+--------+--------+--------+-----+--------+
         Total |   5723 |   5262 |    461 |    114 |   3790 |  10 |  572.3 |
       Dungeon |   5461 |   5041 |    420 |     43 |   3707 |   8 |  682.6 |
        Temple |    130 |     89 |     41 |      0 |     83 |   1 |  130.0 |
        Bailey |    131 |    131 |      0 |     71 |      0 |   1 |  131.0 |
               +--------+--------+--------+--------+--------+-----+--------+

Top non-repeatable levels by time:
     D:4: 900 daAuts
     D:5: 844 daAuts
     D:2: 817 daAuts
     D:3: 755 daAuts
     D:1: 734 daAuts
     D:7: 685 daAuts
     D:6: 628 daAuts
  Bailey: 131 daAuts
  Temple: 130 daAuts
     D:8: 94 daAuts
